 Dungeon Crawl Stone Soup version 0.26-a0-598-g61e6210cf4 (webtiles) character file.

Game seed: 4806203520278419107

3563 Gargoyl the Fighter (level 10, -21/80 HPs)
             Began as a Gnoll Abyssal Knight on Aug 28, 2020.
             Was an Elder of Lugonu.
             Demolished by a white ugly thing (23 damage)
             ... on level 7 of the Dungeon.
             The game lasted 00:08:56 (6345 turns).

Gargoyl the Fighter (Gnoll Abyssal Knight)          Turns: 6345, Time: 00:08:57

Health: -21/80     AC: 15    Str: 18    XL:     10   Next: 9%
Magic:  0/17       EV: 18    Int: 14    God:    Lugonu [****..]
Gold:   421        SH:  0    Dex: 15    Spells: 18/18 levels left

rFire    . . .     SeeInvis .   a - +1 hand axe
rCold    . . .     Faith    .   (no shield)
rNeg     . . .     Spirit   +   h - +4 ring mail {rPois}
rPois    +         Reflect  .   (no helmet)
rElec    .         Harm     .   (no cloak)
rCorr    .                      j - +2 pair of gloves
MR       +....                  y - +0 pair of boots
Stlth    ++........             f - amulet of guardian spirit
HPRegen  0.23/turn              c - +4 ring of evasion
MPRegen  0.15/turn              (no ring)

@: mighty
A: distributed training, fangs 1, magic resistance 1, mutation resistance 1,
strong nose
a: Depart the Abyss, Bend Space, Banish, Corrupt, Renounce Religion


You were on level 7 of the Dungeon.
You worshipped Lugonu.
Lugonu was greatly pleased with you.
You visited 1 branch of the dungeon, and saw 7 of its levels.
You visited the Abyss 1 time.
You also visited: Sewer.

You collected 421 gold pieces.

Inventory:

Hand Weapons
 a - a +1 hand axe (weapon)
 p - a cursed +0 war axe
 r - a +2 long sword of freezing
Missiles
 n - 15 boomerangs (quivered)
Armour
 h - a +4 ring mail of poison resistance (worn)
 j - a +2 pair of gloves (worn)
 y - a +0 pair of boots (worn)
Jewellery
 c - a +4 ring of evasion (left hand)
 f - an amulet of guardian spirit (around neck)
 B - an uncursed ring of fire {unknown}
 E - a cursed ring of attention {unknown}
Wands
 d - a wand of iceblast (2)
 k - a wand of acid (6)
 o - a wand of disintegration (17)
 t - a wand of enslavement (6)
Scrolls
 b - 5 scrolls of identify
 g - 4 scrolls of teleportation
 i - 9 scrolls of remove curse
 m - a scroll of fear
 u - 2 scrolls of blinking
 x - a scroll of magic mapping
 C - a scroll of enchant armour
Potions
 e - 3 potions of heal wounds
 s - a potion of cancellation
 v - 2 potions of brilliance {unknown}
 w - 4 potions of curing {unknown}
 z - 3 potions of flight {unknown}
 A - 3 potions of might


   Skills:
 + Level 8.3 Fighting
 + Level 4.9 Short Blades
 + Level 4.9 Long Blades
 + Level 6.8 Axes
 + Level 4.9 Maces & Flails
 + Level 4.9 Polearms
 + Level 4.9 Staves
 + Level 4.9 Slings
 + Level 4.9 Bows
 + Level 4.9 Crossbows
 + Level 4.9 Throwing
 + Level 6.8 Armour
 + Level 5.6 Dodging
 + Level 4.9 Stealth
 + Level 4.9 Shields
 + Level 4.9 Unarmed Combat
 + Level 4.9 Spellcasting
 + Level 4.1 Conjurations
 + Level 4.1 Hexes
 + Level 4.1 Summonings
 + Level 4.1 Necromancy
 + Level 4.1 Translocations
 + Level 4.1 Transmutations
 + Level 4.1 Fire Magic
 + Level 4.1 Ice Magic
 + Level 4.1 Air Magic
 + Level 4.1 Earth Magic
 + Level 4.1 Poison Magic
 + Level 7.2 Invocations
 + Level 4.9 Evocations


You had 18 spell levels left.
You didn't know any spells.
Your spell library was empty.

Dungeon Overview and Level Annotations

Branches:
Dungeon (7/15)             Temple (0/1) D:4           Sewer (visited)

Altars:
Dithmenos
Elyvilon
Gozag
Kikubaaqudgha
Ru
Trog
Wu Jian
Xom
The Shining One


Innate Abilities, Weirdness & Mutations

Your experience applies equally to all skills.
You have very sharp teeth.
Your uncanny sense of smell can sniff out nearby items.
You are resistant to hostile enchantments. (MR+)
You are somewhat resistant to further mutation.


Message History

You hit the white ugly thing. Your bite misses the white ugly thing.
The white ugly thing is severely wounded.
The white ugly thing completely misses you.
You closely miss the white ugly thing.
The white ugly thing is severely wounded.
The white ugly thing tentacle-slaps you.
The white ugly thing freezes you!!
You closely miss the white ugly thing. Your punch misses the white ugly thing.
You bite the white ugly thing.
The white ugly thing is severely wounded.
The white ugly thing tentacle-slaps you.
* * * LOW HITPOINT WARNING * * *
The white ugly thing freezes you!
* * * LOW HITPOINT WARNING * * *
You hit the white ugly thing.
The white ugly thing is almost dead.
The white ugly thing tentacle-slaps you!
* * * LOW HITPOINT WARNING * * *
The white ugly thing freezes you!!
You die...

♣♣ #..# .♣ ##.## .♣♣
#..# ..♣ ##.## .♣♣ #..#
.♣ ####### ##.## ♣♣
######.....# #..# ♣
#.#........######.##
#.###'''##.u@.....# ♣
#.##$.$..##.#####.# ♣♣
#.#..._.$.#.#####.#
.♣###.#8..8..8#....##.#
.#....#..$$($∩#.##.##.#
......##∩8∩8.##.##.##.#
.#.###(########...))..#
............# ####.####
............# #.#


You could see a white ugly thing.

Vanquished Creatures
  Harold (D:7)
  The ghost of fly the Ruffian, a novice TrDe of Wu Jian (D:7)
  A troll (D:5)
  A hippogriff (D:7)
  2 ice beasts (D:6)
  A sky beast (D:5)
  A black bear (D:7)
  2 ogres
  A centaur (D:5)
  3 big kobolds (Sewer)
  A bullfrog (D:6)
  5 wights (D:7)
  A centaur zombie (D:7)
  2 hounds
  4 orc priests
  A centaur skeleton (D:4)
  2 jellies (D:7)
  2 orc wizards
  An iguana (D:5)
  Jessica (D:2)
  A bullfrog skeleton (D:6)
  A worker ant (D:4)
  A hound skeleton (D:7)
  2 gnolls (D:6)
  A howler monkey skeleton (D:6)
  6 adders
  A hound simulacrum (D:7)
  A shadow imp (D:7)
  2 white imps (D:6)
  An ufetubus (D:6)
  2 oozes
  An adder skeleton (D:4)
  An adder zombie (D:5)
  7 worms (D:2)
  2 leopard geckos
  13 orcs
  5 giant cockroaches
  9 goblins
  9 hobgoblins
  4 jackals (D:4)
  5 quokkas
  7 ball pythons
  4 bats
  9 frilled lizards
  A giant cockroach zombie (D:2)
  A jackal skeleton (D:7)
  17 kobolds
  10 rats
158 creatures vanquished.

Vanquished Creatures (others)
  A gnoll (D:6)
  4 plants (Sewer)
5 creatures vanquished.

Grand Total: 163 creatures vanquished

Notes
Turn   | Place    | Note
-------+----------+-------------------------------------------
     0 | Abyss:1  | Gargoyl the Gnoll Abyssal Knight began the quest for the
                  | Orb.
     0 | Abyss:1  | Reached XP level 1. HP: 23/23 MP: 3/3
    24 | Abyss:2  | Noticed a demonic crawler
    30 | D:1      | Escaped the Abyss
    85 | D:1      | Reached * piety under Lugonu
    85 | D:1      | Reached XP level 2. HP: 22/29 MP: 5/5
   561 | D:2      | Reached XP level 3. HP: 35/35 MP: 6/6
   566 | D:2      | Noticed Jessica
   587 | D:2      | Killed Jessica
   587 | D:2      | Reached skill level 1 in Short Blades
   587 | D:2      | Reached skill level 1 in Long Blades
   587 | D:2      | Reached skill level 1 in Maces & Flails
   587 | D:2      | Reached skill level 1 in Polearms
   587 | D:2      | Reached skill level 1 in Staves
   587 | D:2      | Reached skill level 1 in Slings
   587 | D:2      | Reached skill level 1 in Bows
   587 | D:2      | Reached skill level 1 in Crossbows
   587 | D:2      | Reached skill level 1 in Throwing
   587 | D:2      | Reached skill level 1 in Stealth
   587 | D:2      | Reached skill level 1 in Shields
   587 | D:2      | Reached skill level 1 in Unarmed Combat
   587 | D:2      | Reached skill level 1 in Spellcasting
   587 | D:2      | Reached skill level 1 in Evocations
   709 | D:2      | Reached XP level 4. HP: 38/41 MP: 7/7
   971 | D:2      | Reached skill level 1 in Conjurations
   971 | D:2      | Reached skill level 1 in Hexes
   971 | D:2      | Reached skill level 1 in Summonings
   971 | D:2      | Reached skill level 1 in Necromancy
   971 | D:2      | Reached skill level 1 in Translocations
   971 | D:2      | Reached skill level 1 in Transmutations
   971 | D:2      | Reached skill level 1 in Fire Magic
   971 | D:2      | Reached skill level 1 in Ice Magic
   971 | D:2      | Reached skill level 1 in Air Magic
   971 | D:2      | Reached skill level 1 in Earth Magic
   971 | D:2      | Reached skill level 1 in Poison Magic
  1242 | D:2      | Reached ** piety under Lugonu
  1549 | D:3      | Reached XP level 5. HP: 45/47 MP: 8/8
  1658 | D:3      | Found a bloodstained altar of Trog.
  2095 | D:4      | You fall into a shaft and drop 1 floor!
  2095 | D:5      | Entered Level 5 of the Dungeon
  2138 | D:4      | Found a staircase to the Ecumenical Temple.
  2226 | D:4      | Reached skill level 5 in Invocations
  2229 | D:4      | Reached XP level 6. HP: 53/53 MP: 9/9
  2617 | D:5      | Noticed a sky beast
  2626 | D:5      | Reached skill level 5 in Axes
  2626 | D:5      | Reached skill level 5 in Armour
  2631 | D:5      | Reached *** piety under Lugonu
  2648 | D:5      | Killed a sky beast
  2661 | D:5      | Reached XP level 7. HP: 36/59 MP: 6/10
  2851 | D:5      | Reached skill level 7 in Fighting
  3204 | D:6      | Found a sacrificial altar of Ru.
  3204 | D:6      | Found an ancient bone altar of Kikubaaqudgha.
  3205 | D:6      | Found a shimmering altar of Xom.
  3209 | D:6      | Found a white marble altar of Elyvilon.
  3252 | D:6      | Found a white marble altar of Elyvilon.
  3252 | D:6      | Noticed a troll
  3484 | D:5      | Killed a troll
  3584 | D:6      | Reached XP level 8. HP: 47/67 MP: 12/12
  3747 | D:6      | Found a glowing drain.
  3756 | Sewer    | Entered a sewer
  4067 | Sewer    | Reached **** piety under Lugonu
  4901 | D:7      | Reached XP level 9. HP: 37/72 MP: 8/14
  5090 | D:7      | Found a white marble altar of Elyvilon.
  5152 | D:7      | Found a glowing golden altar of the Shining One.
  5198 | D:7      | Noticed Harold
  5227 | D:7      | Killed Harold
  5227 | D:7      | Reached skill level 5 in Dodging
  5230 | D:7      | Reached skill level 8 in Fighting
  5630 | D:7      | Found an ornate altar of the Wu Jian Council.
  5936 | D:7      | Found a runed translucent gate.
  5936 | D:7      | Found a runed translucent gate.
  5936 | D:7      | Found a runed translucent gate.
  5938 | D:7      | Found an opulent altar of Gozag.
  5939 | D:7      | Noticed fly's ghost (novice TrDe)
  6077 | D:7      | Found a shadowy altar of Dithmenos.
  6264 | D:7      | Noticed a white ugly thing
  6303 | D:7      | Gained mutation: You are somewhat resistant to further
                  | mutation. [potion of mutation]
  6303 | D:7      | Gained mutation: You are resistant to hostile enchantments.
                  | (MR+) [potion of mutation]
  6315 | D:7      | Killed fly's ghost
  6315 | D:7      | Reached XP level 10. HP: 45/80 MP: 10/17
  6345 | D:7      | HP: 2/80 [white ugly thing (8)]
  6345 | D:7      | Demolished by a white ugly thing

Illustrated notes

Levels and vault maps discovered:
D:1:      heliophobic_arrival_ceremonial_halls, layout_rooms
D:2:      layout_rooms, uniq_jessica
D:3:      layout_loops_ring, trog_three_pillars_becter
D:4:      layout_rooms, minmay_temple_entry_statues_pillars
D:5:      minmay_spotlight, layout_cave_pools
D:6:      layout_basic, grunt_temple_overflow_open, portal_sewer_entry_a,
          basic_altar
D:7:      black_bear_nest_2, layout_loops_cross, overflow_temple_1_default,
          tso_metal_star, kennysheep_mini_moat, ebering_ghost_gozag,
          elyvilon_altar_3, uniq_harold

Skill      XL: |  1  2  3  4  5  6  7  8  9 |
---------------+----------------------------+-----
Short Blades   | 1 2 3 4 |  4.9
Long Blades    | 1 2 3 4 |  4.9
Maces & Flails | 1 2 3 4 |  4.9
Polearms       | 1 2 3 4 |  4.9
Staves         | 1 2 3 4 |  4.9
Slings         | 1 2 3 4 |  4.9
Bows           | 1 2 3 4 |  4.9
Crossbows      | 1 2 3 4 |  4.9
Throwing       | 1 2 3 4 |  4.9
Stealth        | 1 2 3 4 |  4.9
Shields        | 1 2 3 4 |  4.9
Unarmed Combat | 1 2 3 4 |  4.9
Spellcasting   | 1 2 3 4 |  4.9
Evocations     | 1 2 3 4 |  4.9
Conjurations   | 1 2 3 4 |  4.1
Hexes          | 1 2 3 4 |  4.1
Summonings     | 1 2 3 4 |  4.1
Necromancy     | 1 2 3 4 |  4.1
Translocations | 1 2 3 4 |  4.1
Transmutations | 1 2 3 4 |  4.1
Fire Magic     | 1 2 3 4 |  4.1
Ice Magic      | 1 2 3 4 |  4.1
Air Magic      | 1 2 3 4 |  4.1
Earth Magic    | 1 2 3 4 |  4.1
Poison Magic   | 1 2 3 4 |  4.1
Dodging        | 3 4 5 |  5.6
Invocations    | 5 6 7 |  7.2
Axes           | 5 6 |  6.8
Armour         | 5 6 |  6.8
Fighting       | 7 8 |  8.3

Action                   |  1- 3 |  4- 6 |  7- 9 | 10-12 || total
-------------------------+-------+-------+-------+-------++-------
Melee: Hand axe          |    69 |   200 |   384 |    15 ||   668
       Bite              |     6 |    16 |    54 |     2 ||    78
       Punch             |       |       |     7 |       ||     7
Invok: Depart the Abyss  |     1 |       |       |       ||     1
       Banish            |       |       |     1 |       ||     1
  Use: Scroll            |     3 |     7 |     4 |       ||    14
       Potion            |       |       |     7 |       ||     7
 Stab: Sleeping          |       |       |     2 |       ||     2
Armor: Plate armour      |    46 |   129 |    18 |       ||   193
       Chain mail        |       |       |   127 |       ||   127
       Ring mail         |       |       |    34 |     1 ||    35
Dodge: Dodged            |    42 |   115 |   295 |     7 ||   459

Table legend: (Time is in decaauts)
 A = Elapsed time spent in this place.
 B = Non-inter-level travel time spent in this place.
 C = Inter-level travel time spent in this place.
 D = Time resting spent in this place.
 E = Time spent auto-exploring this place.
 F = Levels seen in this place.
 G = Mean time per level.
                   A        B        C        D        E       F      G
               +--------+--------+--------+--------+--------+-----+--------+
         Total |   6423 |   6287 |    136 |   1172 |   3549 |  10 |  642.3 |
       Dungeon |   5931 |   5795 |    136 |   1172 |   3232 |   7 |  847.3 |
         Abyss |     29 |     29 |      0 |      0 |     12 |   2 |   14.5 |
         Sewer |    463 |    463 |      0 |      0 |    305 |   1 |  463.0 |
               +--------+--------+--------+--------+--------+-----+--------+

Top non-repeatable levels by time:
     D:7: 1553 daAuts
     D:6: 952 daAuts
     D:2: 786 daAuts
     D:4: 739 daAuts
     D:3: 705 daAuts
     D:5: 662 daAuts
     D:1: 531 daAuts
   Sewer: 463 daAuts
 Abyss:2: 22 daAuts
 Abyss:1: 7 daAuts
